 Dungeon Sprint DCSS version 0.31-a0-875-g02e7d12df6 (webtiles) character file.

Game seed: 916280428706737965

4 fozzywoppz the Ruffian (level 1, -4/20 HPs)
             Began as a Troll Gladiator on Oct 13, 2023.
             Slain by an ice beast (13 damage)
             ... in the Dungeon (Sprint IX: "|||||||||||||||||||||||||||||").
             The game lasted 00:00:25 (29 turns).

fozzywoppz the Ruffian (Troll Gladiator)              Turns: 29, Time: 00:00:26

Health: -4/20      AC:  4    Str: 21    XL:     1   Next: 58%
Magic:  0/0        EV: 10    Int:  4    God:
Gold:   0          SH:  0    Dex: 11    Spells: 0/0 levels left

rFire   . .          .
                       - Unarmed
rCold   . . .        (no shield)
rNeg    . . .        a - +0 robe
rPois   .            b - +0 hat
rElec   .            (no cloak)
rCorr   .            (gloves unavailable)
SInv    .            (boots unavailable)
Will    .....        (no amulet)
Stlth   +            (no ring)
HPRegen 1.03/turn    (no ring)
MPRegen 0.07/turn

%: no teleportation
@: no status effects
A: large, unfitting armour, claws 3, regeneration 1, shaggy fur 1, tough skin 1
a: no special abilities


You were in the Dungeon.
You visited 1 branch

Inventory:

Hand Weapons
 k - a +2 dagger of venom
Missiles
 c - 3 throwing nets (quivered)
 d - a large rock
Armour
 a - a +0 robe (worn)
 b - a +0 hat (worn)
Scrolls
 j - a scroll of blinking
Potions
 e - a potion of curing
 f - a potion of heal wounds
 g - a potion of haste
 h - 2 potions of magic
 i - a potion of berserk rage


   Skills:
 + Level 2.1 Fighting
 + Level 2.3 Throwing
 + Level 2.8 Dodging
 + Level 3.4 Unarmed Combat


You couldn't memorise any spells.
You didn't know any spells.
Your spell library was empty.

Dungeon Overview and Level Annotations

Branches:
Dungeon (1/1)

Altars:


Innate Abilities, Weirdness & Mutations

You are too large for most types of armour.
You have claws for hands.
Your natural rate of healing is unusually fast.
You are covered in fur. (AC +1)
You have tough skin. (AC +1)


Message History

The bat hits you.
Your Throwing skill increases to level 2!
You miss the bat. The bat hits you but does no damage.
The bat barely misses you.
You barely miss the bat. The bat misses you. The bat barely misses you.
You scratch the bat.
You kill the bat!
The bat hits you but does no damage. The bat barely misses you.
You barely miss the bat. The bat hits you but does no damage. x2
You scratch the bat but do no damage. The bat barely misses you.
The bat hits you but does no damage.
You claw the bat!
You kill the bat!
You closely miss the giant cockroach. The giant cockroach closely misses you.
You scratch the giant cockroach but do no damage.
The giant cockroach bites you but does no damage.
The giant cockroach bites you.
You claw the giant cockroach!
You kill the giant cockroach!
Your Fighting skill increases to level 2!
You claw the goblin!
You kill the goblin!
Items here: ) †††.
Items here: ) †††.
k - a +2 dagger of venom Unknown command.
You open the door.
An ice beast, a gnoll, an adder, a phantom and an iguana come into view.
The adder hisses angrily.
You closely miss the ice beast.
The iguana hisses angrily.
The ice beast hits you. The ice beast freezes you!
You claw the ice beast!
The ice beast is moderately wounded.
The ice beast barely misses you.
You scratch the ice beast.
The ice beast is moderately wounded.
The ice beast hits you. The ice beast freezes you!
Ouch! That really hurt!
You die...

▓.▓
▓.▓
▓.▓
▓'▓
▓†▓
▓.▓
▓.▓
▓.▓
▓@▓
▓Y▓
▓g▓
▓S▓
▓W▓
▓l▓
▓.▓
▓+▓


You could see an ice beast, a phantom, an iguana, a gnoll and an adder.

Vanquished Creatures
  2 giant cockroaches (D)
  2 bats (D)
  A goblin (D)
5 creatures vanquished.

Notes
Turn   | Place    | Note
-------+----------+-------------------------------------------
     0 | D        | fozzywoppz the Troll Gladiator began the quest for the Orb.
     0 | D        | Reached XP level 1. HP: 19/19 MP: 0/0
    26 | D        | Noticed an ice beast
    26 | D        | Noticed a phantom
    26 | D        | Noticed an iguana
    29 | D        | Slain by an ice beast

Illustrated notes

Levels and vault maps discovered:
D:        linesprint [early_d, line_temple, items_1, d_10, items_2, lair_1,
          lair_end, items_3, orc_1, orc_end, items_4, d_15, swamp_1, shoals_1,
          snake_1, spider_1, d_20, vaults_1, items_5, swamp_end, shoals_end,
          snake_end, spider_end, vaults_end, d_27, items_6, zot_1, zot_end,
          crypt_end, forest_end, elf_end, slime_end, tomb_end, abyss_end,
          pan_hell_end]

Skill      XL: |  1 |
---------------+----+-----
Throwing       | 2 |  2.3
Fighting       | 2 |  2.1
Dodging        | |  2.8
Unarmed Combat | |  3.4

Action                     || total
---------------------------++-------
  Melee: Unarmed           ||    14
   Stab: Sleeping          ||     1
 Armour: Robe              ||    10
  Dodge: Dodged            ||     7

Table legend: (Time is in decaauts)
 A = Elapsed time spent in this place.
 B = Non-inter-level travel time spent in this place.
 C = Inter-level travel time spent in this place.
 D = Time resting spent in this place.
 E = Time spent auto-exploring this place.
 F = Levels seen in this place.
 G = Mean time per level.
                   A        B        C        D        E       F      G
               +--------+--------+--------+--------+--------+-----+--------+
         Total |     28 |     28 |      0 |      0 |      0 |   1 |   28.0 |
       Dungeon |     28 |     28 |      0 |      0 |      0 |   1 |   28.0 |
               +--------+--------+--------+--------+--------+-----+--------+

Top non-repeatable levels by time:
       D: 28 daAuts
